Unix NetHack Version 5.0.0-0 post-release - last build Jun 10 2026 00:39:30 (3ee93aec679c4c4259841fe613dc97188e26a321,branch:main).

Game began 2026-06-11 09:24:11, ended 2026-06-11 09:32:18.

LDaviesPeters, neutral female human Archeologist

                                             --------
  ---------                    -----         .......|
  |......<.#######            #....|         |.....>.###
  |.......|      #####     ####|...|         |......|  #
  |.......|          ######`   |...|         -----.--  ##
  |.......|                #   |...|             ##     ##
  |........                    -+-.-             #       #
  ----|----                       ###################################
    ###                                      #%             #####---.---
    #                                      --.------------      #|....>|
    #                                      |.............|      #....{.|
    #                                    ##-.............|       |.....|
 ---+-                                   # |.............|       -------
 |?..|                                 ### ---------------
 |...|                                 @
 |...|                                 #
 |)[.|
 -----

LDaviesPeters the Digger   St:15 Dx:11 Co:11 In:14 Wi:16 Ch:9  Neutral
Dlvl:2  $:13 HP:0(23) Pw:6(6) AC:8  Xp:2 T:1004  Blind

Latest messages:
 You descend the stairs.
 You climb up the stairs.
 You swap places with your little dog.
 You see here an apron.
 The little dog picks up an apron.
 The little dog drops an apron.
 You see here 13 gold pieces.
 $ - 13 gold pieces.
 You kill the lichen!
 You see here an apron.
 You see here an apron.
 You see here an apron.
 t - an apron.
 What do you want to wear? [t or ?*] t
 You are now wearing an apron.
 You descend the stairs.
 You lash the dwarf.
 You lash the dwarf.
 The hobbit throws a runed dagger!
 You are hit by a runed dagger!
 You miss the dwarf.
 The dwarf wields a dagger!
 The dagger welds itself to the dwarf's hand!
 The gnome wields a bow!
 You miss the dwarf.
 The dwarf thrusts her dagger.
 The dwarf hits!
 You lash the dwarf.
 The dwarf thrusts her dagger.
 The dwarf hits!
 You kill the dwarf!
 The hobbit hits!
 The gnome wields a crossbow!
 You climb up the stairs.
 You swap places with your little dog.
 You hear some noises in the distance.
 You swap places with your little dog.
 You see here a kobold corpse.
 The hobbit hurls a dark potion!
 The flask crashes on your head and breaks into shards.
 The dark potion evaporates.
 It suddenly gets dark.
 Wait!  There's something there you can't see!
 It hits!
 You miss it.
 It hits!
 Wait!  There's something there you can't see!
 It hits!
 You die...
 Do you want your possessions identified? [ynq] (y) q

Inventory:
 Coins    ('$')
  $ - 13 gold pieces
 Weapons  (')')
  a - a blessed +2 bullwhip (weapon in right hand)
 Armor    ('[')
  c - an uncursed +0 fedora (being worn)
  t - an uncursed +0 alchemy smock with text "If you don't like the food, I'll stab you" (being worn)
  h - an uncursed +0 leather jacket (being worn)
 Comestibles  ('%')
  d - 4 uncursed food rations
 Tools    ('(')
  b - an uncursed sack containing 7 items
  l - an uncursed oil lamp
  f - a tinning kit (0:51)
 Gems/Stones  ('*')
  g - an uncursed touchstone

Contents of the sack:
  9 gold pieces
  an uncursed scroll of amnesia
  2 uncursed scrolls of identify
  an uncursed scroll of magic mapping
  an uncursed potion of see invisible
  an uncursed potion of oil
  a +0 pick-axe

LDaviesPeters the Archeologist's attributes:

Background:
 You were a Digger, a level 2 female human Archeologist.
 You were neutral, nominally on a mission for Camaxtli
 who was opposed by Quetzalcoatl (lawful) and Huhetotl (chaotic).
 You were right-handed.
 You were in the Dungeons of Doom, on level 2.
 You entered the dungeon 1004 turns ago.
 You had 36 experience points, 4 more were needed to attain level 3.

Basics:
 You had 0 out of 23 hit points.
 You had all 6 energy points (spell power).
 Your armor class was 8.
 Your wallet contained 13 zorkmids, and
 you had 9 more stashed away in your pack.
 Autopickup was off.

Final Characteristics:
 Your strength was 15 (limit:18/100).
 Your dexterity was 11 (limit:18).
 Your constitution was 11 (limit:18).
 Your intelligence was 14 (limit:18).
 Your wisdom was 16 (limit:18).
 Your charisma was 9 (limit:18).

Final Status:
 You were temporarily blind.
 You weren't hungry.
 You were unencumbered.
 You were wielding a whip.
 You had basic skill with whip.

Final Attributes:
 You were devoutly aligned.
 You were poison resistant.
 You were acid resistant.
 Your items were protected from acid.
 You had automatic searching.
 You were warded.
 You were lucky.
 You are dead.

Miscellaneous:
 You didn't encounter any bones levels.
 Total elapsed playing time was 8 minutes and 5 seconds.

Major events:
 Turn
    1: LDaviesPeters the neutral female human Archeologist entered the dungeon
  914: entered the Gnomish Mines
 1004: killed by a hobbit

You didn't know any spells.

Skills:
 Fighting Skills
   bare handed combat [Unskilled]
   two weapon combat  [Unskilled]
   riding             [Unskilled]
 Weapon Skills
   dagger             [Unskilled]
   knife              [Unskilled]
   pick-axe           [Basic]
   short sword        [Unskilled]
   saber              [Unskilled]
   club               [Unskilled]
   quarterstaff       [Unskilled]
   sling              [Unskilled]
   dart               [Unskilled]
   boomerang          [Unskilled]
   whip               [Basic]
   unicorn horn       [Unskilled]
 Spellcasting Skills
   attack spells      [Unskilled]
   healing spells     [Unskilled]
   divination spells  [Unskilled]
   matter spells      [Unskilled]

Voluntary challenges:
 Character rerolling was not enabled.
 You were an atheist.
 You never genocided any monsters.
 You never polymorphed an object.
 You never changed form.
 You used no wishes.
Achievements:
 You entered a shop.
 You entered the Gnomish Mines.

 The Dungeons of Doom: levels 1 to 3
    Level 1:
       A fountain, a grave.
    Level 2: <- You were here.
       A general store, a fountain.
       Stairs down to The Gnomish Mines.
       Final resting place for
          you, killed by a hobbit.
    Level 3:
 The Gnomish Mines:
    Level 3:


Vanquished creatures:
  a dwarf
  2 jackals
  a kobold
  a sewer rat
  2 grid bugs
  2 lichens
  a kobold zombie
  7 newts
17 creatures vanquished.

No species were genocided or became extinct.

Game over:
                       ----------
                      /          \
                     /    REST    \
                    /      IN      \
                   /     PEACE      \
                  /                  \
                  |  LDaviesPeters   |
                  |      22 Au       |
                  |   killed by a    |
                  |      hobbit      |
                  |                  |
                  |                  |
                  |       2026       |
                 *|     *  *  *      | *
        _________)/\\_//(\/(/\)/\//\/|_)_______

Goodbye LDaviesPeters the Archeologist...

You died in The Dungeons of Doom on dungeon level 2 with 264 points,
and 22 pieces of gold, after 1004 moves.
You were level 2 with a maximum of 23 hit points when you died.

